Map: Ultralove

Players

Mabadi - Winner!

  • Race: Terran Terran
  • League: Master
  • Spawn Location: 7:00

A.I. 1 (Very Easy)

  • Race: Terran Terran
  • Spawn Location: 1:00

VOD

Have the link to the VOD?

Description

Time

  • Played on: Nov. 11, 2025, 11:37 a.m.
  • Length: 11:30
Show
View Real Time Build Order
Export as new Build Order

Mabadi Terran - Winner!

Build Orders: Cyclone Opening 

Get SALT Encoding   

  12  0:00  SCV  
  13  0:12  SCV  
  14  0:17  Supply Depot  
  14  0:24  SCV  
  15  0:38  SCV  
  15  0:41  Barracks  
  16  0:43  Refinery  
  16  0:50  SCV  
  16  0:52  Refinery  
  17  1:02  SCV  
  18  1:15  SCV  
  19  1:28  Reaper, Orbital Command  
  19  1:29  Supply Depot  
  20  1:41  Factory  
  20  1:54  SCV  
  20  2:00  Reaper  
  22  2:06  SCV  
  23  2:18  SCV  
  24  2:27  Factory Tech Lab  
  24  2:28  Command Center  
  24  2:31  SCV  
  24  2:36  Barracks Reactor  
  25  2:41  Supply Depot  
  25  2:43  SCV  
  26  2:48  Cyclone  
  29  2:55  SCV  
  30  3:01  Starport  
  30  3:07  SCV  
  30  3:12  Marine  
  31  3:13  Marine  
  31  3:19  SCV  
  34  3:23  Siege Tank  
  37  3:31  Marine x2  
  39  3:39  Viking, SCV  
  42  3:46  Refinery  
  42  3:50  Marine x2  
  42  3:53  SCV  
  42  3:55  Siege Tank  
  48  4:00  Orbital Command  
  48  4:06  SCV  
  48  4:08  Marine x2  
  51  4:11  Starport Tech Lab  
  52  4:30  Supply Depot  
  53  4:34  Raven  
  53  4:35  SCV  
  54  4:44  Supply Depot  
  54  4:52  Marine x2, SCV x2, Siege Tank  
  61  5:02  Supply Depot  
  61  5:04  SCV  
  61  5:05  SCV  
  63  5:09  Supply Depot  
  63  5:16  SCV  
  63  5:18  SCV  
  63  5:20  Viking x2  
  63  5:21  Stimpack  
  69  5:22  Marine  
  69  5:24  Siege Tank  
  69  5:27  Supply Depot  
  73  5:28  SCV  
  73  5:30  SCV  
  75  5:36  Command Center  
  75  5:40  Marine, SCV  
  75  5:42  SCV  
  78  5:50  Viking x2  
  78  5:55  SCV x2  
  84  5:58  Supply Depot  
  84  5:59  Siege Tank  
  84  6:04  Barracks  
  87  6:06  Barracks  
  87  6:08  SCV x2  
  89  6:12  Marine  
  89  6:16  Supply Depot  
  90  6:18  Refinery  
  90  6:21  SCV x2  
  92  6:30  Viking x2  
  96  6:35  SCV x2  
  96  6:36  Marine  
  96  6:37  Siege Tank  
  102  6:40  Supply Depot  
  103  6:47  SCV x2  
  103  6:52  Barracks Reactor  
  103  6:53  Barracks Reactor  
  104  6:57  Engineering Bay  
  104  6:58  Engineering Bay  
  104  6:59  SCV x2, Marine  
  107  7:04  Viking x2  
  111  7:12  SCV  
  111  7:14  SCV  
  113  7:16  Combat Shield  
  113  7:17  Orbital Command  
  113  7:18  Marine  
  113  7:21  Siege Tank  
  117  7:24  SCV  
  117  7:26  SCV  
  117  7:28  Terran Infantry Weapons Level 1  
  119  7:31  Terran Infantry Armor Level 1  
  119  7:36  Marine x4, SCV  
  124  7:37  Marine  
  124  7:38  SCV  
  126  7:45  Supply Depot  
  126  7:47  SCV  
  126  7:49  Supply Depot  
  127  7:52  Barracks  
  127  7:53  Barracks  
  127  7:56  SCV  
  127  7:57  SCV  
  129  7:59  Factory, SCV  
  129  8:00  Siege Tank  
  133  8:06  Marine x3  
  136  8:13  SCV x3, Refinery  
  136  8:14  Marine x2  
  136  8:15  Refinery, Medivac  
  136  8:16  Sensor Tower, Medivac  
  145  8:25  SCV x3  
  145  8:26  Armory, Marine  
  149  8:39  Supply Depot x2  
  149  8:45  Missile Turret  
  149  8:46  Missile Turret  
  149  8:48  Marine x3, Siege Tank  
  156  8:50  Marine  
  156  8:52  Barracks Reactor  
  156  8:55  Supply Depot  
  156  8:59  SCV  
  156  9:00  Command Center, Medivac x2, SCV x2  
  163  9:07  Marine x2, Barracks Reactor  
  163  9:08  Marine  
  166  9:15  Marine  
  167  9:17  Missile Turret, Siege Tank  
  167  9:20  Missile Turret, Siege Tank  
  167  9:22  Starport  
  167  9:24  SCV x3  
  175  9:28  Marine  
  175  9:29  Marine  
  178  9:36  Marine x4  
  182  9:43  SCV x3  
  185  9:51  Refinery  
  185  9:52  Refinery  
  185  9:55  SCV x2  
  185  9:56  SCV  
  188  10:08  Starport Reactor  
  188  10:11  Medivac, Siege Tank x2  
  188  10:13  Supply Depot  
  196  10:22  Medivac  
  196  10:25  Starport  
  198  10:29  Missile Turret x2  
  198  10:33  Missile Turret  
  198  10:35  Missile Turret  
  198  10:36  Missile Turret  
  198  10:38  Marine x2  
  198  10:40  Barracks Reactor  
  200  10:45  Supply Depot  
  200  10:46  Supply Depot  
  200  10:52  Planetary Fortress  
  200  11:09  Fusion Core  
  200  11:10  Armory  
  200  11:13  Starport Reactor  
Show
View Real Time Build Order
Export as new Build Order

A.I. 1 (Very Easy) Terran 

Build Orders:  

Get SALT Encoding   

  12  0:00  SCV  
  13  0:13  SCV  
  14  0:18  Supply Depot  
  14  0:37  Refinery  
  14  0:41  Barracks  
  14  1:03  Supply Depot  
  14  1:12  Refinery  
  14  1:29  Barracks Tech Lab  
  14  1:30  Orbital Command  
  14  1:46  Marine  
  15  1:56  SCV  
  16  2:08  SCV  
  17  2:20  SCV  
  18  2:31  Marine  
  18  2:32  SCV  
  20  2:44  SCV  
  21  2:56  SCV  
  22  3:17  Marauder  
  24  4:11  SCV  
  24  6:39  SCV, Marine  
  26  6:42  Supply Depot  
  26  6:44  Factory  
  22  6:51  SCV  
  21  7:03  SCV  
  21  7:05  Supply Depot  
  18  7:12  Factory  
  18  7:14  Marine  
  19  7:15  SCV  
  20  7:27  SCV  
  21  7:30  Command Center  
  21  7:40  SCV  
  22  7:44  Supply Depot  
  22  7:48  Marine  
  23  7:52  SCV  
  23  7:58  Starport  
  23  8:04  SCV  
  24  8:16  SCV  
  25  8:22  Marine  
  26  8:35  Starport Tech Lab  
  26  8:42  SCV  
  27  8:49  SCV  
  27  8:55  Raven  
  30  8:57  SCV, Marine  
  30  8:58  Refinery  
  30  9:02  Refinery  
  32  9:04  SCV  
  33  9:11  SCV  
  34  9:18  SCV  
  35  9:25  SCV  
  35  9:29  Raven  
  35  9:31  Marine  
  38  9:32  SCV  
  40  9:40  SCV  
  41  9:47  SCV  
  42  9:54  SCV  
  43  10:01  SCV  
  43  10:06  Marauder  
  46  10:08  SCV  
  47  10:15  SCV  
  48  10:23  SCV  
  48  10:30  SCV  
  47  10:37  SCV, Supply Depot  
  40  10:44  SCV  
  40  10:45  Supply Depot  
  22  11:00  Supply Depot  
  22  11:01  Supply Depot  
Tags
 
League
Master
Matchup
TvT
Race
Terran
Spawn Locations
Cross Positions
Add a new tag
Caveats
  • Supply blocks, unpowered buildings, or Contaminate may cause inaccurate times.
  • Supply counts are checked every 10 seconds.